Map: [ESL] Oceanborn

Players

Clem

  • Race: Terran Terran
  • Spawn Location: 5:00

Bunny - Winner!

  • Race: Terran Terran
  • Spawn Location: 11:00

Event: IEM Katowice 2024

VOD

Have the link to the VOD?

Description

Time

  • Played on: Feb. 10, 2024, 6:45 a.m.
  • Length: 29:39

All games in this series

Show
View Real Time Build Order
Export as new Build Order

Clem Terran 

Build Orders: Cyclone Opening 

Get SALT Encoding   

  12  0:00  SCV  
  13  0:12  SCV  
  14  0:16  Supply Depot  
  14  0:24  SCV  
  15  0:38  SCV  
  15  0:39  Barracks  
  15  0:42  Refinery  
  16  0:50  SCV  
  16  0:52  Refinery  
  17  1:02  SCV  
  18  1:14  SCV  
  19  1:26  Reaper  
  19  1:27  Orbital Command  
  19  1:31  Supply Depot  
  20  1:41  Factory  
  20  1:52  SCV  
  22  2:03  Barracks Reactor  
  22  2:04  SCV  
  22  2:17  Command Center  
  22  2:22  SCV  
  23  2:34  SCV  
  23  2:42  Cyclone x2  
  27  2:44  Supply Depot  
  27  2:46  SCV  
  28  2:54  Starport  
  29  2:58  SCV  
  29  3:10  SCV  
  30  3:14  Cyclone  
  30  3:16  Cyclone  
  34  3:22  SCV  
  35  3:29  Orbital Command  
  35  3:32  Refinery  
  35  3:34  SCV, Medivac  
  38  3:46  Cyclone  
  38  3:47  SCV  
  41  3:53  Cyclone  
  43  3:57  Supply Depot  
  43  3:59  SCV  
  43  4:00  SCV  
  45  4:11  SCV  
  45  4:12  Liberator, SCV  
  50  4:18  Supply Depot  
  50  4:23  SCV  
  47  4:25  Cyclone  
  50  4:35  SCV  
  50  4:37  Command Center  
  50  4:38  Barracks Tech Lab  
  50  4:39  SCV  
  50  4:45  Cyclone  
  50  4:47  SCV  
  50  4:51  SCV  
  54  4:54  Supply Depot  
  54  5:01  Cyclone  
  54  5:02  Raven  
  54  5:03  SCV x2  
  60  5:10  Supply Depot  
  60  5:15  SCV x2  
  60  5:17  Cyclone  
  60  5:19  Interference Matrix  
  64  5:24  Supply Depot  
  64  5:27  Barracks Tech Lab, SCV x2  
  66  5:29  Refinery  
  66  5:37  Raven  
  66  5:39  Cyclone, SCV  
  66  5:40  SCV  
  72  5:49  Marine  
  73  5:50  Stimpack  
  73  5:51  Barracks x2, SCV  
  73  5:53  Cyclone  
  76  5:58  Orbital Command  
  76  5:59  SCV  
  76  6:03  SCV  
  78  6:07  Marine  
  75  6:13  SCV  
  75  6:14  Raven  
  75  6:16  SCV  
  78  6:25  SCV, Marine  
  80  6:33  Engineering Bay  
  80  6:34  Orbital Command, SCV  
  80  6:35  Engineering Bay  
  80  6:39  Factory Reactor  
  80  6:41  Barracks Reactor  
  80  6:42  Marine  
  80  6:43  Barracks  
  80  6:44  Barracks, SCV  
  82  6:50  Supply Depot  
  85  6:54  Siege Tank  
  85  6:56  Marine x2  
  85  6:58  Starport Reactor, SCV  
  85  7:00  Terran Infantry Weapons Level 1, Marine  
  85  7:01  Terran Infantry Armor Level 1  
  89  7:02  Supply Depot  
  89  7:05  SCV  
  90  7:09  SCV  
  90  7:12  SCV  
  90  7:14  Marine x2  
  94  7:18  Marine  
  94  7:19  Supply Depot  
  94  7:20  Marine  
  94  7:21  SCV  
  94  7:22  Missile Turret x2  
  97  7:23  SCV  
  97  7:25  Marine  
  97  7:28  Siege Tank  
  97  7:29  SCV  
  103  7:32  Barracks Reactor x2, Marine x2  
  103  7:33  SCV  
  103  7:35  SCV  
  107  7:41  Supply Depot, Refinery x2  
  107  7:43  Sensor Tower  
  107  7:44  SCV, Marine  
  108  7:46  SCV  
  108  7:47  Marine  
  108  7:48  Medivac x2  
  108  7:50  Marine  
  116  7:54  SCV, Marine  
  116  7:56  Marine  
  117  8:02  Marine  
  117  8:03  SCV  
  117  8:04  Armory  
  117  8:05  Supply Depot  
  119  8:06  Combat Shield  
  119  8:09  Marine  
  119  8:10  Marine x5  
  119  8:11  Marine  
  119  8:12  SCV  
  125  8:13  SCV  
  125  8:14  Marine  
  125  8:15  SCV  
  125  8:19  Siege Tank, Marine  
  131  8:24  Supply Depot  
  132  8:27  Marine x2, Medivac  
  132  8:28  Marine  
  132  8:29  Medivac  
  132  8:31  Marine  
  132  8:32  Marine  
  132  8:33  Marine x2  
  141  8:36  Marine  
  141  8:37  Marine  
  139  8:43  Supply Depot  
  139  8:45  Marine  
  140  8:50  Command Center  
  140  8:54  Terran Infantry Weapons Level 2, Factory  
  140  8:58  Terran Infantry Armor Level 2  
  140  9:01  Marine x3  
  142  9:05  Marine x2  
  142  9:06  Marine  
  142  9:07  Siege Tank  
  148  9:11  Marine  
  148  9:12  Supply Depot, Marine x2  
  148  9:14  SCV  
  148  9:16  SCV  
  153  9:18  Marine  
  153  9:19  Marine x2  
  153  9:23  Marine x2  
  153  9:24  Marine  
  159  9:26  Supply Depot  
  159  9:28  Medivac  
  159  9:29  Terran Vehicle Weapons Level 1, Marine  
  159  9:30  Marine  
  163  9:32  Medivac  
  163  9:35  Supply Depot  
  163  9:36  Supply Depot  
  163  9:37  Marine  
  166  9:39  Marine  
  166  9:42  Siege Tank  
  166  9:44  Marine  
  166  9:45  Marine  
  166  9:50  Marine  
  166  9:51  Supply Depot  
  163  9:55  Marine x2  
  163  9:57  Marine  
  163  9:58  Barracks Reactor, Siege Tank  
  169  10:01  Marine  
  169  10:04  SCV x3  
  173  10:08  Marine  
  173  10:10  Marine x2  
  173  10:13  Sensor Tower  
  176  10:14  Siege Tank  
  176  10:15  Sensor Tower  
  176  10:16  SCV x3  
  176  10:20  Viking  
  184  10:24  Viking  
  184  10:26  Planetary Fortress  
  187  10:28  SCV x2  
  187  10:29  SCV  
  187  10:30  Marine  
  187  10:31  Marine  
  187  10:35  Marine  
  195  10:37  Missile Turret  
  195  10:39  Marine x4  
  195  10:40  SCV  
  197  10:45  Marine  
  197  10:46  SCV, Marine  
  197  10:49  Refinery x2  
  200  10:52  Command Center  
  200  10:56  Factory Tech Lab  
  200  11:02  Command Center  
  200  11:11  Starport  
  200  11:12  Starport  
  200  11:15  Terran Infantry Armor Level 3, Terran Infantry Weapons Level 3  
  200  11:18  Marine x2  
  197  11:19  Marine  
  193  11:25  Siege Tank  
  193  11:26  Marine x2  
  193  11:28  Siege Tank, Marine  
  193  11:29  Marine  
  200  11:36  Marine  
  195  11:40  Marine  
  195  11:41  Viking, Marine  
  195  11:42  Viking  
  195  11:46  Marine  
  185  11:49  Marine x4  
  185  11:50  Marine  
  190  11:58  Siege Tank  
  190  11:59  Command Center  
  190  12:00  Viking, Siege Tank  
  198  12:10  Terran Vehicle Weapons Level 2  
  198  12:18  Sensor Tower  
  198  12:21  Fusion Core  
  198  12:22  SCV  
  199  12:28  Orbital Command  
  199  12:32  Command Center  
  198  12:39  Viking  
  198  12:44  Planetary Fortress  
  200  12:48  Command Center  
  192  12:54  Command Center  
  192  12:55  Siege Tank, Marine  
  192  12:56  Viking  
  192  12:57  Viking x2  
  192  12:58  Marine  
  182  13:02  Marine x2  
  185  13:09  Siege Tank, Marine x2  
  152  13:14  Caduceus Reactor  
  152  13:16  Viking  
  152  13:17  Marine x3  
  152  13:26  Viking, SCV  
  155  13:27  Hellion  
  155  13:28  Starport Reactor  
  155  13:29  Marine x5  
  162  13:34  Starport Reactor  
  162  13:36  Marine  
  160  13:42  Siege Tank  
  160  13:43  Marine  
  160  13:44  Marine  
  160  13:45  Marine x2  
  160  13:47  Marine  
  163  13:49  Marine x2  
  163  13:53  Liberator  
  163  13:54  Siege Tank  
  171  13:56  Liberator, Marine x3  
  171  14:01  Marine  
  171  14:02  Marine  
  171  14:03  Marine  
  171  14:06  Marine  
  171  14:07  Marine x2  
  142  14:11  Viking  
  142  14:14  Siege Tank  
  142  14:15  Marine  
  140  14:23  Marine x2  
  135  14:24  Marine x2  
  135  14:27  Siege Tank  
  140  14:34  Viking  
  125  14:39  Marine  
  126  14:46  Siege Tank, Marine x3  
  131  14:54  Orbital Command  
  131  14:59  Siege Tank, Marine  
  134  15:05  Viking  
  127  15:08  Viking  
  129  15:16  Refinery  
  129  15:17  Refinery  
  129  15:18  Siege Tank  
  130  15:21  SCV  
  130  15:22  SCV  
  130  15:24  SCV  
  130  15:27  Marine  
  122  15:31  Siege Tank, Marine  
  122  15:35  SCV  
  121  15:36  Orbital Command  
  121  15:37  SCV x2  
  121  15:41  Marine  
  118  15:48  Liberator  
  119  15:55  Siege Tank  
  121  16:03  Liberator  
  118  16:04  Marine x2  
  118  16:05  Marine  
  118  16:08  Marine  
  118  16:09  Orbital Command  
  119  16:16  Orbital Command  
  119  16:17  Siege Tank, Marine  
  123  16:25  Viking  
  125  16:32  Siege Tank  
  128  16:37  Liberator  
  131  16:48  Liberator  
  131  16:51  Siege Tank  
  137  16:58  Liberator x2  
  142  17:04  Siege Tank, Marine  
  142  17:05  Marine x4  
  143  17:11  Marine  
  143  17:12  Marine x2  
  143  17:21  Viking  
  144  17:23  Siege Tank  
  144  17:25  Orbital Command  
  144  17:26  Liberator  
  145  17:36  Cyclone  
  147  17:37  Marine  
  147  17:43  Liberator  
  151  17:51  Refinery  
  151  17:55  Siege Tank  
  154  17:59  Viking  
  156  18:06  Marine x3  
  156  18:08  Siege Tank, Marine  
  160  18:27  Siege Tank, Command Center  
  160  18:31  Marine  
  164  18:37  Viking  
  164  18:40  Siege Tank  
  164  18:41  Refinery  
  169  18:42  Refinery  
  169  18:44  Viking  
  171  18:52  Marine  
  171  18:54  Viking  
  174  18:58  Marine x8  
  174  18:59  Marine  
  183  19:10  Marine  
  183  19:16  Marine x6  
  190  19:17  Viking  
  190  19:20  Terran Vehicle And Ship Armor Level 1, Missile Turret  
  188  19:32  Sensor Tower  
  188  19:33  Viking  
  188  19:37  Missile Turret x2  
  190  19:38  Viking  
  184  19:49  Viking  
  184  19:51  Marine x2  
  177  19:55  Viking  
  142  20:08  Liberator  
  142  20:09  Marine x8  
  142  20:12  Marine  
  154  20:16  Marine  
  147  20:26  Marine  
  147  20:27  Marine x2  
  150  20:30  Siege Tank, Marine  
  154  20:35  Marine  
  154  20:36  Missile Turret  
  154  20:38  Marine  
  154  20:42  Marine  
  157  20:44  Marine  
  154  20:50  Marine x2  
  156  20:58  Siege Tank  
  159  21:04  Siege Tank  
  162  21:14  Planetary Fortress  
  162  21:16  Refinery  
  159  21:22  Refinery  
  159  21:29  Marine x2  
  159  21:31  Siege Tank  
  163  21:37  Viking  
  163  21:39  Viking  
  167  21:43  Viking  
  169  21:48  Terran Ship Weapons Level 1  
  169  21:50  Marine  
  169  21:53  Marine  
  171  21:56  Siege Tank  
  174  22:07  Command Center  
  174  22:12  Viking  
  175  22:16  Viking  
  175  22:21  Viking  
  179  22:24  Viking  
  180  22:32  Marine x2  
  180  22:33  Marine x3  
  180  22:36  Marine x2  
  187  22:43  Siege Tank  
  189  22:46  Viking  
  189  22:49  Viking  
  193  22:54  Viking  
  188  23:00  Viking  
  188  23:04  Armory  
  190  23:08  Viking  
  179  23:20  Viking  
  179  23:25  Viking  
  174  23:28  Viking  
  174  23:29  Marine x10  
  186  23:38  Siege Tank  
  182  23:42  Viking  
  182  23:47  Marine x3  
  177  23:50  Liberator  
  177  23:52  Viking  
  174  23:57  Viking  
  174  24:02  Viking  
  178  24:08  Orbital Command  
  178  24:09  Viking  
  180  24:14  Siege Tank  
  175  24:25  Viking  
  177  24:33  Missile Turret  
  177  24:38  Viking x2  
  181  24:49  Viking  
  181  24:51  Viking  
  174  24:52  Viking  
  166  25:13  Viking  
  147  25:18  Viking x2, Siege Tank x2  
  147  25:19  Viking  
  157  25:21  Marine  
  157  25:22  Marine x2  
  157  25:27  Marine x2  
  162  25:31  Marine, Refinery  
  162  25:32  Refinery  
  162  25:33  Marine  
  164  25:38  Viking  
  166  25:49  Viking  
  152  25:59  Viking  
  126  26:05  Siege Tank, Marine  
  126  26:06  Marine  
  124  26:15  Viking  
  115  26:26  Viking  
  111  26:40  Siege Tank  
  112  26:50  Viking  
  114  26:57  Siege Tank  
  114  27:01  SCV x2  
  119  27:08  Viking  
  120  27:19  Liberator  
  120  27:22  Liberator  
  120  27:33  Siege Tank, Marine  
  120  27:34  Marine  
  106  27:47  Viking  
  99  28:39  Siege Tank  
  84  29:06  Siege Tank  
  85  29:11  Marine  
Show
View Real Time Build Order
Export as new Build Order

Bunny Terran - Winner!

Build Orders: Cyclone Opening 

Get SALT Encoding   

  12  0:00  SCV  
  13  0:12  SCV  
  14  0:17  Supply Depot  
  14  0:24  SCV  
  15  0:38  SCV  
  15  0:40  Barracks  
  15  0:42  Refinery  
  16  0:50  SCV  
  16  0:52  Refinery  
  17  1:02  SCV  
  18  1:14  SCV  
  19  1:27  Orbital Command, Reaper  
  19  1:31  Supply Depot  
  20  1:40  Factory  
  20  1:52  SCV  
  21  1:59  Reaper  
  22  2:04  SCV  
  23  2:14  Command Center  
  23  2:16  SCV  
  24  2:24  Cyclone  
  24  2:28  SCV  
  26  2:38  Starport  
  26  2:40  SCV  
  27  2:45  Barracks Reactor  
  27  2:51  Supply Depot  
  27  2:52  SCV  
  27  2:56  Cyclone  
  30  3:05  SCV  
  31  3:15  Medivac  
  31  3:17  SCV  
  34  3:29  SCV  
  34  3:36  Orbital Command  
  34  3:39  Cyclone x2  
  34  3:41  SCV  
  39  3:46  Starport Tech Lab, Refinery  
  39  3:53  SCV  
  40  4:01  SCV  
  41  4:04  Raven  
  41  4:05  SCV  
  44  4:12  Command Center  
  44  4:15  SCV  
  45  4:17  SCV  
  45  4:20  Factory Tech Lab  
  45  4:27  Marine x2  
  45  4:28  SCV  
  45  4:29  SCV  
  47  4:41  SCV x2  
  47  4:44  Raven  
  53  4:53  SCV x2  
  53  4:54  Supply Depot  
  53  4:55  Supply Depot  
  53  5:05  SCV  
  54  5:10  Marine  
  54  5:15  Marine  
  54  5:16  Siege Tank, SCV  
  54  5:17  SCV  
  54  5:18  Raven  
  54  5:19  Interference Matrix  
  62  5:26  Orbital Command  
  62  5:29  Barracks x2, SCV x2  
  62  5:31  Marine  
  62  5:33  Marine  
  65  5:38  Engineering Bay  
  65  5:39  Engineering Bay  
  65  5:41  SCV  
  65  5:42  SCV  
  67  5:48  Siege Tank  
  68  5:53  Viking  
  68  5:57  SCV  
  68  5:58  SCV x2  
  68  6:00  Marine x2  
  70  6:19  Barracks  
  70  6:20  Barracks  
  70  6:27  Barracks Tech Lab  
  70  6:29  SCV x2  
  70  6:31  Terran Infantry Weapons Level 1, Terran Infantry Armor Level 1, Starport Reactor  
  72  6:33  Refinery  
  72  6:38  Stimpack, Marine x3  
  75  6:42  Siege Tank  
  75  6:45  Orbital Command  
  78  6:49  SCV x2  
  78  6:52  Supply Depot  
  80  6:54  Supply Depot  
  80  6:55  Combat Shield, Marine  
  80  6:56  Marine  
  82  7:02  SCV x2  
  82  7:06  Barracks Reactor x2  
  84  7:11  SCV  
  84  7:14  SCV x2  
  87  7:16  Marine x4  
  87  7:18  Supply Depot x2  
  91  7:23  SCV  
  91  7:26  SCV x2  
  91  7:27  Siege Tank  
  97  7:33  Medivac x2  
  101  7:38  Supply Depot  
  101  7:39  SCV x3  
  101  7:40  Supply Depot  
  101  7:41  Marine x4  
  100  7:56  Marine x4  
  104  7:58  Marine  
  104  7:59  Siege Tank  
  104  8:03  SCV x3  
  108  8:13  Armory, Marine x3  
  108  8:14  Supply Depot, Marine  
  108  8:17  Missile Turret, Supply Depot  
  108  8:18  SCV x3  
  115  8:20  Marine x4  
  115  8:24  Medivac  
  115  8:25  Medivac  
  123  8:31  Marine x4  
  127  8:36  Siege Tank, SCV x2  
  127  8:37  SCV  
  127  8:38  Marine, Refinery x2  
  134  8:48  Sensor Tower  
  134  8:49  Command Center  
  134  8:53  SCV x3  
  137  9:00  Terran Infantry Weapons Level 2  
  137  9:06  SCV x3  
  137  9:09  Missile Turret  
  140  9:12  Terran Infantry Armor Level 2  
  140  9:13  Marine x7, Supply Depot  
  147  9:18  Supply Depot  
  147  9:19  Terran Vehicle Weapons Level 1  
  146  9:27  Siege Tank  
  149  9:34  Marine x3  
  149  9:35  Supply Depot  
  149  9:36  Supply Depot  
  149  9:38  Supply Depot  
  152  9:40  Factory  
  152  9:45  Barracks Reactor, Medivac  
  137  9:47  SCV x3  
  137  9:52  Marine x7  
  140  9:55  Medivac  
  140  9:59  Siege Tank  
  151  10:01  Supply Depot  
  151  10:10  Marine x6, SCV x3  
  160  10:17  Barracks x2  
  160  10:19  Barracks  
  160  10:27  Sensor Tower  
  158  10:31  Marine x2  
  158  10:32  Marine x7  
  166  10:41  Siege Tank x2  
  172  10:45  Viking  
  172  10:48  SCV x3  
  172  10:49  Marine x2  
  179  10:52  Planetary Fortress  
  179  10:53  Missile Turret  
  179  10:57  Viking  
  179  10:59  Marine x4  
  179  11:02  Refinery  
  179  11:04  Marine, Refinery  
  184  11:15  Viking  
  184  11:16  Siege Tank x2  
  184  11:17  Terran Vehicle Weapons Level 2  
  184  11:18  Marine x6  
  191  11:19  Barracks Reactor  
  191  11:28  Terran Infantry Weapons Level 3  
  186  11:35  Marine  
  186  11:36  Marine x10  
  180  11:47  Viking x2  
  180  11:48  Siege Tank x2  
  180  11:53  Marine  
  180  11:54  Marine x6  
  190  11:58  SCV x3  
  197  12:02  Terran Infantry Armor Level 3  
  197  12:14  Command Center  
  197  12:16  Marine x3  
  197  12:17  Barracks Reactor  
  197  12:19  Barracks Reactor  
  198  12:46  Starport  
  198  12:48  Starport  
  184  12:59  Siege Tank x2, Marine  
  184  13:00  Marine x7  
  196  13:09  Medivac x2  
  193  13:13  Marine x7  
  193  13:17  Marine  
  193  13:18  Sensor Tower, Marine x2  
  191  13:21  Marine x5  
  191  13:25  Starport Tech Lab x2  
  196  13:31  Siege Tank, Marine  
  196  13:53  Marine x6  
  200  13:57  Siege Tank  
  200  14:02  Marine x8  
  187  14:03  Marine  
  187  14:06  Siege Tank  
  180  14:11  Marine x6  
  184  14:20  Marine x9  
  190  14:29  Siege Tank, Marine x6  
  199  14:35  Medivac  
  199  14:36  Orbital Command  
  199  14:38  Marine  
  200  14:43  Command Center  
  195  14:49  Marine  
  195  14:50  Marine x7  
  200  15:01  Hellion  
  190  15:08  Marine x8  
  190  15:11  Siege Tank  
  190  15:13  Medivac x2  
  190  15:14  Medivac x2  
  190  15:17  Marine x5  
  196  15:28  Siege Tank  
  196  15:39  Marine x4  
  189  15:43  Siege Tank  
  189  15:45  Raven x2  
  189  15:46  Marine x4  
  189  16:00  Siege Tank  
  173  16:05  Marine x7  
  173  16:06  Marine x3  
  173  16:10  Marine x3  
  183  16:13  Planetary Fortress  
  183  16:15  Siege Tank, Marine x2  
  187  16:21  Raven x2  
  191  16:29  Viking x2  
  191  16:30  Marine  
  197  16:32  Siege Tank  
  197  16:33  Marine x3  
  200  16:54  Marine x2  
  200  17:04  Marine  
  196  17:28  Siege Tank x2  
  195  17:31  Marine x5  
  198  18:02  Command Center  
  194  18:08  Terran Ship Weapons Level 1  
  194  18:10  Starport  
  194  18:11  Starport  
  194  18:12  Command Center  
  194  18:14  Missile Turret  
  194  18:17  Command Center  
  194  18:26  Raven x2  
  198  18:28  Refinery  
  198  18:29  Refinery  
  198  18:30  Command Center  
  198  18:35  Marine x2  
  198  18:38  Sensor Tower  
  198  18:39  Missile Turret x2  
  197  19:12  Hi-Sec Auto Tracking, Neosteel Armor  
  197  19:18  Starport Tech Lab, Starport Reactor  
  197  19:22  Viking x3  
  200  19:25  Viking, Command Center, Armory  
  200  19:26  Orbital Command  
  200  19:27  Planetary Fortress  
  200  19:31  Refinery x2  
  186  19:47  Siege Tank  
  186  19:48  Siege Tank  
  186  19:49  Marine x10  
  164  20:02  Terran Vehicle And Ship Armor Level 1  
  164  20:04  Marine x4  
  164  20:07  Marine  
  146  20:16  Viking x2  
  146  20:20  Siege Tank  
  151  20:21  Viking  
  151  20:25  SCV  
  151  20:28  Orbital Command  
  154  20:29  SCV x5  
  154  20:30  SCV  
  154  20:34  Planetary Fortress  
  160  20:37  SCV  
  160  20:41  SCV x3  
  164  20:47  Viking  
  164  20:49  SCV  
  165  20:50  Viking  
  165  20:56  Viking  
  165  20:57  Viking  
  171  21:00  Viking  
  170  21:06  Viking x2  
  171  21:16  Viking  
  171  21:19  SCV  
  172  21:26  Medivac x2  
  172  21:28  Terran Ship Weapons Level 2  
  172  21:30  Siege Tank  
  172  21:31  SCV  
  177  21:37  Siege Tank  
  177  21:38  Viking  
  182  21:43  SCV  
  182  21:44  Viking  
  185  21:47  Viking  
  185  21:49  Viking  
  185  21:53  Viking  
  191  21:55  SCV  
  191  21:58  Viking  
  194  22:04  Viking  
  194  22:08  Viking  
  198  22:10  Sensor Tower  
  198  22:14  Viking  
  197  22:17  Viking  
  199  22:33  Sensor Tower  
  199  22:35  Missile Turret  
  199  22:47  Fusion Core  
  199  22:50  Starport  
  198  22:54  Terran Vehicle And Ship Armor Level 2  
  197  23:02  Refinery  
  197  23:03  Refinery  
  197  23:12  Sensor Tower  
  197  23:14  Command Center  
  197  23:18  Missile Turret  
  186  23:21  Siege Tank  
  186  23:22  Siege Tank, Marine x15  
  196  23:30  Raven x2  
  199  23:39  Marine  
  199  23:40  Marine x5  
  192  23:51  Raven  
  192  23:52  Marine x9  
  196  23:57  Liberator  
  196  23:58  Advanced Ballistics  
  196  24:00  Terran Ship Weapons Level 3  
  199  24:08  Command Center  
  199  24:24  Missile Turret  
  198  24:29  Raven, Sensor Tower, Missile Turret  
  179  25:09  Siege Tank x2  
  179  25:10  Terran Vehicle Weapons Level 3  
  179  25:11  Viking x7  
  166  25:28  Marine  
  166  25:29  Missile Turret  
  166  25:31  Sensor Tower  
  164  25:41  Viking x5, Raven, Liberator  
  179  25:56  Marine x5  
  135  26:06  Marine x2  
  135  26:10  Liberator  
  135  26:11  Viking x4  
  134  26:15  Viking  
  134  26:16  Marine x5  
  134  26:17  Marine x5  
  142  26:24  Viking  
  143  26:31  Siege Tank  
  140  26:34  Siege Tank  
  140  26:40  Marine  
  140  26:41  Viking x2  
  142  26:47  Marine  
  142  26:48  Marine x6  
  142  26:53  Marine  
  146  27:00  Medivac x2  
  150  27:03  Siege Tank  
  150  27:06  Siege Tank  
  156  27:09  Marine x6  
  156  27:14  Marine  
  156  27:15  Marine x3  
  166  27:26  Marine  
  166  27:27  Marine x2  
  169  27:35  Siege Tank  
  169  27:36  Marine x5  
  172  27:38  Siege Tank  
  175  27:44  Medivac  
  174  27:53  Marine  
  175  28:04  Raven x2  
  179  28:07  Siege Tank  
  179  28:08  Medivac  
  179  28:11  Siege Tank  
  184  28:23  Medivac x2  
  179  28:35  Marine x5  
  179  28:37  Marine  
  179  28:38  Marine x4  
  179  28:39  Siege Tank  
  180  28:43  Siege Tank  
  180  28:45  Orbital Command  
  182  28:54  Raven  
  181  29:03  Raven x2  
  181  29:04  Marine x2  
  181  29:05  Marine  
  186  29:17  Marine x5  

Tags
 
Add a new tag
Caveats
  • Supply blocks, unpowered buildings, or Contaminate may cause inaccurate times.
  • Supply counts are checked every 10 seconds.